 Dungeon Crawl Stone Soup version 0.17.0-28-g6e173f8 (webtiles) character file.

375 4thArraOfDagon the Chopper (level 6, -7/85 HPs)
             Began as a Minotaur Berserker on Nov 22, 2015.
             Was a Believer of Trog.
             Mangled by a human
             ... wielding a +0 hand axe
              (9 damage)
             ... on level 7 of the Dungeon.
             The game lasted 00:04:11 (770 turns).

4thArraOfDagon the Chopper (Minotaur Berserker)      Turns: 770, Time: 00:04:11

Health: -7/85      AC:  6    Str: 26    XL:     6   Next: 44%
Magic:  5/5        EV: 11    Int:  6    God:    Trog [**....]
Gold:   43         SH:  0    Dex: 10    Spells: 0 memorised, 5 levels left

rFire  . . .     SeeInvis .     a - +0 hand axe
rCold  . . .     Clarity  .     e - +0 ring mail
rNeg   . . .     SustAt   .     (no shield)
rPois  .         Gourm    .     (helmet restricted)
rElec  .         Spirit   .     (no cloak)
rCorr  .         Warding  .     (no gloves)
rMut   .         Stasis   .     (no boots)
MR     ++...                    (no amulet)
Stlth  ..........               (no ring)
                                (no ring)

@: berserking, regenerating, very quick, very resistant to hostile enchantments,
extremely unstealthy
A: retaliatory headbutt, horns 2
a: Berserk, Trog's Hand, Burn Spellbooks, Renounce Religion


You were on level 7 of the Dungeon.
You worshipped Trog.
Trog was pleased with you.
You were hungry.

You visited 1 branch of the dungeon, and saw 7 of its levels.

You collected 43 gold pieces.

Inventory:

Hand Weapons
 a - a +0 hand axe (weapon)
Missiles
 l - 8 javelins (quivered)
Armour
 e - a +0 ring mail (worn)
Jewellery
 j - an uncursed amulet of stasis
Scrolls
 b - a scroll of fog {unknown}
 h - a scroll of identify
 i - a scroll of teleportation {unknown}
 k - a scroll of noise
 m - a scroll of enchant weapon {unknown}
 o - a scroll of vulnerability {unknown}
Potions
 g - a potion of flight
Comestibles
 c - a bread ration
 d - 2 royal jellies
 f - 2 meat rations
 n - 3 chunks of flesh


   Skills:
 + Level 5.7 Fighting
 * Level 6.5 Axes
 + Level 4.4 Armour
 - Level 2.1 Dodging


You had 5 spell levels left.
You didn't know any spells.

Dungeon Overview and Level Annotations

Branches:
Dungeon (7/15)
 Temple: D:4-7

Altars:


Innate Abilities, Weirdness & Mutations

You reflexively headbutt those who attack you in melee.
You have a pair of horns on your head.


Message History

Unknown command.
Unknown command.
You barely miss the sheep. You headbutt the sheep.
The sheep is severely wounded.
You completely miss the sheep.
The sheep is heavily wounded.
You slash the sheep!
You kill the sheep!
Trog accepts your kill.
Unknown command.
You slash the sheep!
You feel the power of Trog in you as your rage grows.
You kill the sheep!
Trog accepts your kill.
You slash the sheep!
The sheep is almost dead.
You miss the human. The sheep bites you.
* * * LOW HITPOINT WARNING * * *
The human hits you with a hand axe!
You die...

#######.##
#.# #.#
#.# #.#
#.#
####.####
#..p†Y..#
#.##@##.#
#.##.##<#
#.#..##.#
#.#.###.#
#.#. #.#
#... ..#
###. ###
#.


You could see a human and a sheep.

Vanquished Creatures
  A hog (D:7)
  An ogre (D:5)
  A crimson imp (D:7)
  A worker ant (D:7)
  2 sheep (D:7)
  2 adders
  A worm (D:2)
  3 giant geckos
  An orc (D:6)
  2 hobgoblins
  4 jackals
  A quokka (D:4)
  2 bats
  A giant newt (D:2)
  6 goblins
  3 kobolds
  7 rats
39 creatures vanquished.

Notes
Turn   | Place    | Note
--------------------------------------------------------------
     0 | D:1      | 4thArraOfDagon the Minotaur Berserker began the quest for the Orb.
     0 | D:1      | Reached XP level 1. HP: 19/19 MP: 0/0
    64 | D:1      | ofc
    76 | D:1      | ofc
    78 | D:1      | HP: 1/20 [giant gecko (1)]
    82 | D:1      | Reached skill level 4 in Fighting
    82 | D:1      | Reached XP level 2. HP: 1/27 MP: 1/1
   215 | D:1      | You fall through a shaft!
   315 | D:2      | Reached XP level 3. HP: 19/34 MP: 2/2
   379 | D:3      | Reached ** piety under Trog
   472 | D:4      | Noticed a phantom
   529 | D:5      | Entered Level 5 of the Dungeon
   624 | D:5      | Noticed an ogre
   629 | D:5      | Killed an ogre
   629 | D:5      | Reached skill level 5 in Fighting
   629 | D:5      | Reached skill level 5 in Axes
   629 | D:5      | Reached XP level 4. HP: 42/42 MP: 3/3
   629 | D:5      | Reached XP level 5. HP: 48/48 MP: 4/4
   750 | D:7      | Noticed a human
   750 | D:7      | Noticed a hog
   767 | D:7      | Killed a hog
   767 | D:7      | Reached skill level 6 in Axes
   767 | D:7      | Reached XP level 6. HP: 10/56 MP: 5/5
   768 | D:7      | HP: 2/84 [sheep (9)]
   770 | D:7      | Mangled by a human

Action                   |  1- 3 |  4- 6 || total
-------------------------+-------+-------++-------
Melee: Hand axe          |    37 |    23 ||    60
Invok: Berserk           |     6 |     2 ||     8
       Trog's Hand       |       |     1 ||     1
  Use: Scroll            |       |     2 ||     2
  Eat: Chunk             |     3 |     2 ||     5
       Fruit             |     2 |       ||     2
